 Dungeon Crawl Stone Soup version 0.25.1-9-gc5326a611f (webtiles) character file.

Game seed: 17767017165667322155

237 raphaelitos the Slasher (level 6, -5/48 HPs)
             Began as a Human Berserker on Dec 31, 2020.
             Was a Priest of Trog.
             Slain by a gnoll (6 damage)
             ... on level 3 of the Dungeon on Jan 4, 2021.
             The game lasted 00:05:54 (3300 turns).

raphaelitos the Slasher (Human Berserker)           Turns: 3300, Time: 00:05:55

Health: -5/48      AC:  2    Str: 19    XL:     6   Next: 28%
Magic:  6/6        EV: 12    Int:  8    God:    Trog [***...]
Gold:   102        SH:  3    Dex: 12    Spells: 5/5 levels left

rFire    + . .     SeeInvis .   f - +2 mace (drain)
rCold    + . .     Gourm    .   g - +0 buckler
rNeg     . . .     Faith    .   b - +0 animal skin
rPois    .         Spirit   .   (no helmet)
rElec    .         Reflect  .   (no cloak)
rCorr    .         Harm     .   (no gloves)
MR       .....                  (no boots)
Stlth    +.........             (no amulet)
HPRegen  0.16/turn              m - ring of protection from cold
MPRegen  0.10/turn              o - ring of protection from fire

@: berserk cooldown, slowed, very slow
A: no striking features
a: Berserk, Trog's Hand, Renounce Religion


You were on level 3 of the Dungeon.
You worshipped Trog.
Trog was most pleased with you.
You were very hungry.

You visited 1 branch of the dungeon, and saw 3 of its levels.

You collected 102 gold pieces.

Inventory:

Hand Weapons
 a - a +2 falchion
 f - a +2 mace of draining (weapon)
Missiles
 h - 2 throwing nets (quivered)
 l - 25 sling bullets
 q - 14 bolts
Armour
 b - a +0 animal skin (worn)
 g - a +0 buckler (worn)
Jewellery
 m - a ring of protection from cold (left hand)
 o - a ring of protection from fire (right hand)
Wands
 i - a wand of flame (30)
 p - a wand of acid (2)
Scrolls
 k - 3 scrolls of teleportation
 n - a scroll of identify
Potions
 d - a potion of curing
 e - a potion of heal wounds {unknown}
 j - a potion of berserk rage {unknown}
Comestibles
 c - 6 rations


   Skills:
 + Level 4.2 Fighting
 + Level 4.9 Long Blades
 + Level 0.1 Maces & Flails
 + Level 2.3 Armour
 + Level 3.2 Dodging
 + Level 0.2 Stealth


You had 5 spell levels left.
You didn't know any spells.
Your spell library was empty.

Dungeon Overview and Level Annotations

Branches:
Dungeon (3/15)

Altars:
Elyvilon
Hepliaklqana
Makhleb


Message History

Things that are here:
a +0 whip; a gnoll corpse You feel a strong urge to attack something.
The gnoll hits you with a +0 spear. The gnoll barely misses you.
The gnoll closely misses you.
You are no longer berserk.
You are exhausted.
You feel yourself slow down. The gnoll hits you with a +0 spear. x2
The gnoll hits you with a +0 spear.
* * * LOW HITPOINT WARNING * * *
The gnoll hits you with a +0 spear.
* * * LOW HITPOINT WARNING * * *
You closely miss the gnoll. You block the gnoll's attack.
The gnoll hits you with a +0 spear.
* * * LOW HITPOINT WARNING * * *
The gnoll closely misses you. The gnoll misses you.
The gnoll hits you with a +0 spear.
* * * LOW HITPOINT WARNING * * *
The gnoll hits you.
You die...

#.# #.# #.#
#.# #.# #.#
#########
#.####'###
#.......#
##........#
#.......#
.#........#
#.......#
..........#
#.......#
.#.#####..#
#.......+ .#.#
##.###...@g..#
.#.#
#..##...gg).#
.#รท#
#.>##.......#
.#.#
##..#######(##
.#.# #...#
#.##### .#.#
##.#.# #.....#
##.# #..#.#
#####.#
#.####.##.#
#.#
#.......#.#
#.#


You could see 3 gnolls.

Vanquished Creatures
  An orc priest (D:3)
  Natasha (thrice) (D:3)
  A gnoll (D:3)
  3 adders
  A worm (D:2)
  A dart slug (D:3)
  A leopard gecko (D:1)
  11 orcs
  2 ball pythons (D:1)
  13 bats
  5 giant cockroaches
  8 goblins
  7 hobgoblins
  4 jackals (D:2)
  7 kobolds
  4 frilled lizards
  A rat (D:1)
73 creatures vanquished.

Notes
Turn   | Place    | Note
-------+----------+-------------------------------------------
     0 | D:1      | raphaelitos the Human Berserker began the quest for the
                  | Orb.
     0 | D:1      | Reached XP level 1. HP: 18/18 MP: 1/1
   101 | D:1      | Reached XP level 2. HP: 22/24 MP: 2/2
   973 | D:1      | Reached XP level 3. HP: 29/29 MP: 3/3
  1491 | D:2      | Reached ** piety under Trog
  1645 | D:2      | Reached XP level 4. HP: 35/35 MP: 4/4
  1887 | D:2      | Found a burning altar of Makhleb.
  1888 | D:2      | Found a hazy altar of Hepliaklqana.
  1892 | D:2      | Found a white marble altar of Elyvilon.
  2122 | D:3      | Noticed Natasha
  2134 | D:3      | Killed Natasha
  2134 | D:3      | Reached XP level 5. HP: 38/42 MP: 5/5
  2348 | D:3      | Noticed Natasha
  2354 | D:3      | Killed Natasha
  2354 | D:3      | Reached *** piety under Trog
  2361 | D:3      | Noticed Natasha
  2370 | D:3      | HP: 2/63 [Natasha (4)]
  2371 | D:3      | Killed Natasha
  2371 | D:3      | Reached XP level 6. HP: 2/48 MP: 6/6
  3300 | D:3      | HP: 1/48 [gnoll/+0 spear (3)]
  3300 | D:3      | Slain by a gnoll

Illustrated notes

Levels and vault maps discovered:
D:1:      lemuel_arrival_hallway, layout_loops_ring
D:2:      layout_rooms, minitemple, first_ration
D:3:      minmay_chambers_of_twos, layout_basic, minmay_rat_hole, uniq_jessica,
          uniq_natasha

Skill      XL: |  1  2  3  4  5 |
---------------+----------------+-----
Long Blades    | 4 |  4.9
Fighting       | 4 |  4.2
Dodging        | 3 |  3.2
Maces & Flails | |  0.1
Armour         | |  2.3
Stealth        | |  0.2

Action                   |  1- 3 |  4- 6 || total
-------------------------+-------+-------++-------
Melee: Falchion          |    96 |    57 ||   153
       Mace              |       |    49 ||    49
Invok: Berserk           |     1 |     4 ||     5
  Use: Scroll            |       |     7 ||     7
  Eat: Chunk             |     2 |     9 ||    11
Armor: Animal skin       |    30 |    18 ||    48
Dodge: Dodged            |    95 |    93 ||   188
Block: Buckler           |       |     3 ||     3
       Rpst.: Falchion   |    46 |    19 ||    65
